 Dungeon Crawl Stone Soup version 0.29.1-2-gbd0b4ee654 (webtiles) character file.

Game seed: 5583496332590574175

6391 Firos the Destroyer (level 10, -1/56 HPs)
             Began as a Deep Elf Conjurer on Nov 12, 2022.
             Was a Believer of Vehumet.
             Slain by a tentacled starspawn (21 damage)
             ... on level 3 of the Abyss.
             The game lasted 00:22:06 (9940 turns).

Firos the Destroyer (Deep Elf Conjurer)             Turns: 9940, Time: 00:22:07

Health: -1/56      AC:  5    Str:  4    XL:     10   Next: 66%
Magic:  12/26      EV: 13    Int: 28    God:    Vehumet [**....]
Gold:   55         SH:  0    Dex: 13    Spells: 5/29 levels left

rFire   + . .      SeeInvis .   l - +4 short sword (speed)
rCold   . . .      Faith    .   (no shield)
rNeg    . . .      Spirit   .   d - +1 leather armour
rPois   .          Reflect  .   (no helmet)
rElec   +          Harm     .   (no cloak)
rCorr   .          Rampage  .   y - +0 pair of gloves
Will    +....                   (no boots)
Stlth   ++........              h - amulet of regeneration
HPRegen 0.98/turn               g - ring of wizardry
MPRegen 0.20/turn               C - ring of Etzeolon {rElec rF+}

@: no status effects
A: no striking features
a: Renounce Religion


You were on level 3 of the Abyss.
You worshipped Vehumet.
Vehumet was pleased with you.
You visited 2 branches of the dungeon, and saw 10 of its levels.
You visited the Abyss 1 time.

You collected 484 gold pieces.
You spent 429 gold pieces at shops.

Inventory:

Hand Weapons
 l - a +4 short sword of speed (weapon)
Armour
 d - a +1 leather armour (worn)
 n - a +0 tower shield
 y - a +0 pair of gloves (worn)
 E - +0 swamp dragon scales
Jewellery
 g - a ring of wizardry (left hand)
 h - an amulet of regeneration (around neck)
 C - the ring of Etzeolon (right hand) {rElec rF+}
   (You bought it in a shop on level 8 of the Dungeon)

   [ring of protection from fire]

   rF:        It protects you from fire.
   rElec:     It insulates you from electricity.
Wands
 o - a wand of mindburst (12)
 B - a wand of flame (7)
Scrolls
 c - 3 scrolls of blinking
 q - a scroll of torment {unknown}
 t - a scroll of enchant armour
 u - 2 scrolls of poison
 w - a scroll of teleportation
 x - a scroll of amnesia {unknown}
 A - a scroll of magic mapping {unknown}
 D - a scroll of identify
Potions
 a - 3 potions of resistance
 b - a potion of magic
 e - 2 potions of brilliance
 f - 3 potions of curing
 i - a potion of haste
 j - 7 potions of heal wounds {unknown}
 k - 2 potions of lignification {unknown}
 m - 2 potions of might {unknown}
 p - a potion of ambrosia {unknown}
 r - a potion of berserk rage {unknown}
 s - 2 potions of flight {unknown}
 v - a potion of invisibility {unknown}
 z - a potion of attraction {unknown}


   Skills:
 + Level 3.9 Fighting
 + Level 6.5 Dodging
 - Level 2.4 Stealth
 + Level 10.3 Spellcasting
 * Level 12.4 Conjurations
 - Level 5.4 Translocations
 + Level 4.2 Fire Magic


You had 5 spell levels left.
You knew the following spells:

 Your Spells              Type           Power      Damage    Failure   Level
a - Magic Dart            Conj           100%       1d8       1%          1
b - Searing Ray           Conj           100%       2d8       1%          2
c - Dazzling Flash        Conj/Hex       98%        N/A       1%          3
d - Iskenderun's Mystic   Conj/Tloc      59%        2d12      1%          4
e - Fulminant Prism       Conj/Hex       24%        3d13      2%          4
f - Iskenderun's Battles  Conj           71%        2d12      1%          5
g - Fireball              Conj/Fire      28%        3d12      2%          5

Your spell library contained the following spells:

 Spells                   Type           Power      Damage    Failure   Level
 Static Discharge         Conj/Air       49%        3-10/arc  1%          2
 Animate Dead             Necr           14%        N/A       26%         4
 Borgnjor's Vile Clutch   Necr/Erth      7%         N/A       58%         5
 Orb of Destruction       Conj           35%        9d10      14%         7
 Conjure Ball Lightning   Conj/Air       24%        3x3d7     32%         6
 Death Channel            Necr           7%         N/A       98%         6


Dungeon Overview and Level Annotations

Branches:
Dungeon (9/15)             Temple (1/1) D:6
   Lair: D:8-11         Orc: D:9-12

Altars:
Ashenzari
Cheibriados
Dithmenos
Elyvilon
Fedhas
Gozag
Hepliaklqana
Kikubaaqudgha
Makhleb
Nemelex Xobeh
Okawaru
Qazlal
Ru
Uskayaw
Vehumet
Xom
Yredelemnul
Zin
The Shining One

Shops:
D:8 =


Message History

You feel better. The ufetubus barely misses you.
The ufetubus closely misses you. x3
The ufetubus attacks as you move away! The ufetubus completely misses you.
The ufetubus closely misses you. The ufetubus attacks as you move away!
The ufetubus hits you.
* * * LOW HITPOINT WARNING * * *
The ufetubus hits you but does no damage.
You plunge deeper into the Abyss.
The abyssal rune of Zot can be found at this depth.
A small abomination is cast out of reality.
Casting: Fireball (dangerous; 2% risk of failure)
Confirm with . or Enter, or press ? or * to list all spells.
Aiming: Fireball (dangerous; 2% risk of failure)
Press: ? - help, Shift-Dir - straight line, f - small abomination
Aim: a small abomination The fireball explodes!
The fireball engulfs the small abomination!!
The small abomination is severely damaged.
You hear a hideous shriek!
You hear a screech!
Casting: Fireball (dangerous; 2% risk of failure)
Confirm with . or Enter, or press ? or * to list all spells.
Aiming: Fireball (dangerous; 2% risk of failure)
Press: ? - help, Shift-Dir - straight line, p - small abomination The fireball explodes!
The fireball engulfs the small abomination!!
You destroy the small abomination!
Vehumet accepts your kill.
You feel your power returning.
Found a gateway leading deeper into the Abyss.
There is a gateway leading deeper into the Abyss here.
A tentacled starspawn comes into view.
Tentacles burst from the starspawn's body! 2 starspawn tentacles come into view.
The starspawn tentacle closely misses you.
The tentacled starspawn bites you!!!
Ouch! That really hurt!
The tentacled starspawn tentacle-slaps you but does no damage.
The tentacled starspawn attacks as you move away!
The tentacled starspawn bites you!!
You die...

. .# .# .. .#
####..###.
#@..>.....
#..wXw##..###
#.#.### .#
... .. #...
## #... ###


You could see a tentacled starspawn and 2 starspawn tentacles.

Vanquished Creatures
  A rakshasa (Abyss:2)
  A two-headed ogre (D:8)
  An orange demon (Abyss:2)
  Maggie (D:9)
  A hornet (D:7)
  A shadow (D:8)
  2 small abominations
  A wyvern (D:7)
  Eustachio (D:4)
  An acid dragon (D:9)
  3 orc warriors
  4 ice beasts
  5 sky beasts
  An ogre (D:4)
  A centaur (D:7)
  Blork the orc (D:6)
  3 bullfrogs (D:7)
  2 necrophages
  4 scorpions
  3 wights (D:7)
  12 killer bees
  3 howler monkeys (D:7)
  2 hounds (D:7)
  2 quasits (D:8)
  5 orc priests
  A gnoll bouda (D:7)
  Terence (D:2)
  Natasha (thrice) (D:3)
  2 iguanas
  5 orc wizards
  4 gnolls (D:7)
  8 adders
  5 shadow imps
  5 white imps
  2 ufetubi
  3 dart slugs
  35 orcs
  4 bats
  6 endoplasms
  3 giant cockroaches
  9 goblins
  3 hobgoblins
  9 kobolds
  3 quokkas
  10 ball pythons
  2 frilled lizards
  6 rats
191 creatures vanquished.

Vanquished Creatures (others)
  3 demonic plants (D:8)
3 creatures vanquished.

Grand Total: 194 creatures vanquished

Notes
Turn   | Place    | Note
-------+----------+-------------------------------------------
     0 | D:1      | Firos the Deep Elf Conjurer began the quest for the Orb.
     0 | D:1      | Reached XP level 1. HP: 10/10 MP: 6/6
   420 | D:1      | Reached XP level 2. HP: 15/15 MP: 5/8
   423 | D:1      | Learned a level 2 spell: Searing Ray
   657 | D:1      | Reached skill level 5 in Conjurations
  1112 | D:2      | Reached XP level 3. HP: 17/19 MP: 6/10
  1116 | D:2      | Learned a level 3 spell: Dazzling Flash
  1522 | D:2      | Noticed Terence
  1531 | D:2      | Killed Terence
  1532 | D:2      | Reached XP level 4. HP: 24/24 MP: 4/12
  1606 | D:2      | Found a faded altar of an unknown god.
  1910 | D:3      | Reached skill level 6 in Conjurations
  2088 | D:2      | Learned a level 4 spell: Iskenderun's Mystic Blast
  2106 | D:3      | Noticed Natasha
  2108 | D:3      | Killed Natasha
  2179 | D:3      | Reached XP level 5. HP: 28/28 MP: 10/14
  2271 | D:3      | Reached skill level 5 in Spellcasting
  2344 | D:3      | Noticed Natasha
  2347 | D:3      | Killed Natasha
  2391 | D:3      | Noticed Natasha
  2396 | D:3      | Killed Natasha
  2397 | D:3      | Reached skill level 7 in Conjurations
  2769 | D:4      | Reached XP level 6. HP: 25/32 MP: 8/16
  3061 | D:4      | Noticed Eustachio
  3076 | D:4      | Killed Eustachio
  3077 | D:4      | Reached skill level 8 in Conjurations
  3077 | D:4      | Reached XP level 7. HP: 35/36 MP: 1/18
  3200 | D:4      | Learned a level 4 spell: Fulminant Prism
  3438 | D:4      | Found a shadowy altar of Dithmenos.
  3438 | D:4      | Found a burning altar of Makhleb.
  3439 | D:4      | Found an ancient bone altar of Kikubaaqudgha.
  3440 | D:4      | Found a sparkling altar of Nemelex Xobeh.
  3618 | D:5      | Entered Level 5 of the Dungeon
  3995 | D:5      | Reached skill level 9 in Conjurations
  5115 | D:6      | Reached XP level 8. HP: 33/41 MP: 15/21
  5150 | D:6      | Found a staircase to the Ecumenical Temple.
  5160 | Temple   | Entered the Ecumenical Temple
  5348 | Temple   | Became a worshipper of Vehumet
  5396 | D:6      | Reached skill level 1 in Translocations
  5449 | D:6      | Found a glowing silver altar of Zin.
  6001 | D:6      | Reached skill level 10 in Conjurations
  6080 | D:6      | Noticed Blork the orc
  6086 | D:6      | Reached skill level 1 in Fighting
  6090 | D:6      | Killed Blork the orc
  6696 | D:7      | Noticed a hornet
  6702 | D:7      | Killed a hornet
  6703 | D:7      | Reached XP level 9. HP: 48/48 MP: 19/23
  6812 | D:7      | Reached * piety under Vehumet
  6812 | D:7      | Offered knowledge of Freeze by Vehumet.
  6830 | D:7      | Learned a level 5 spell: Iskenderun's Battlesphere
  6836 | D:7      | Learned a level 5 spell: Fireball
  7027 | D:7      | Reached skill level 11 in Conjurations
  7147 | D:7      | Reached skill level 1 in Fire Magic
  7659 | D:7      | Found a glowing golden altar of the Shining One.
  7838 | D:7      | Reached skill level 5 in Dodging
  8135 | D:8      | Noticed a two-headed ogre
  8141 | D:8      | Killed a two-headed ogre
  8323 | D:8      | Reached XP level 10. HP: 56/56 MP: 14/25
  8447 | D:8      | Offered knowledge of Static Discharge by Vehumet.
  8543 | D:8      | Reached ** piety under Vehumet
  8974 | D:8      | Found Fosu Zae's Jewellery Shoppe.
  8978 | D:8      | Bought the ring of Etzeolon {rElec rF+} for 429 gold pieces
  9163 | D:9      | Noticed Maggie
  9167 | D:9      | Reached skill level 5 in Translocations
  9312 | D:9      | Killed Maggie
  9313 | D:9      | Reached skill level 12 in Conjurations
  9527 | D:9      | Reached skill level 10 in Spellcasting
  9531 | Abyss:2  | Cast into level 2 of the Abyss (orc warrior)
  9628 | Abyss:2  | Found a corrupted altar of Lugonu.
  9666 | Abyss:2  | Noticed a thrashing horror
  9668 | Abyss:2  | Noticed a smoke demon
  9710 | Abyss:2  | Noticed a rakshasa
  9714 | Abyss:2  | Killed a rakshasa
  9841 | Abyss:2  | Noticed an orange demon
  9876 | Abyss:2  | Killed an orange demon
  9881 | Abyss:2  | Noticed a rakshasa
  9888 | Abyss:2  | Noticed a smoke demon
  9938 | Abyss:3  | Noticed a tentacled starspawn
  9940 | Abyss:3  | Slain by a tentacled starspawn

Illustrated notes

Levels and vault maps discovered:
D:1:      sevenhm_arrival_forest_fort_large_4, layout_rooms
D:2:      layout_loops_cross, hellmonk_ecumenical_altar_blasted,
          minmay_tromino_i4, uniq_terence
D:3:      layout_basic, dreamdust_wishing_well, st_stairs_10, uniq_natasha
D:4:      layout_rooms, minitemple, uniq_eustachio
D:5:      nicolae_cairo_tiling_very_big, layout_layer_cave, corexii_checkpoint_b
D:6:      layout_gridville, mainiacjoe_overflow_surrounded_room,
          minmay_temple_entry_junction, uniq_blork_the_orc
D:7:      layout_loops_ring, nicolae_tso_carved_into_rock
D:8:      layout_basic, serial_shops, kennysheep_mini, serial_demonic,
          serial_demonic_e, serial_demonic_f, serial_demonic_b,
          serial_demonic_f, serial_demonic_b, serial_demonic_d, dk_vineyard_3
D:9:      layout_loops_ring, nzn_overflow_gifts_of_might_and_magic, uniq_maggie
Temple:   nicolae_temple_bog_church
Abyss:3:  base: D:2, evilmike_abyss_exit_4, hangedman_elemental_corridor

Skill      XL: |  1  2  3  4  5  6  7  8  9 10 |
---------------+-------------------------------+-----
Conjurations   | 5 6 7 8 9 10 11 12 | 12.4
Spellcasting   | 4 5 6 7 8 9 10 | 10.3
Translocations | 3 4 5 |  5.4
Fighting       | 1 3 |  3.9
Dodging        | 3 5 6 |  6.5
Fire Magic     | 2 4 |  4.2
Stealth        | |  2.4

Action                   |  1- 3 |  4- 6 |  7- 9 | 10-12 || total
-------------------------+-------+-------+-------+-------++-------
Melee: Unarmed           |     1 |       |       |       ||     1
       Short sword       |       |     7 |     4 |     1 ||    12
 Cast: Magic Dart        |    69 |    66 |   233 |    20 ||   388
       Searing Ray       |     1 |    12 |    17 |     2 ||    32
       Fireball          |       |       |    12 |    28 ||    40
       Iskenderun's Batt |       |       |     2 |       ||     2
       Iskenderun's Myst |       |       |       |     5 ||     5
Evoke: Wand              |       |       |     2 |     2 ||     4
  Use: Scroll            |     5 |     3 |     6 |     4 ||    18
       Potion            |       |     1 |     1 |     1 ||     3
Armor: Robe              |     2 |       |       |       ||     2
       Leather armour    |     3 |     1 |    16 |    12 ||    32
Dodge: Dodged            |     6 |    15 |    46 |    39 ||   106
